 Dungeon Crawl Stone Soup version 0.18-a0-1120-g03bd624 (webtiles) character file.

4021 root the Grappler (level 10, 0/100 HPs)
             Began as a Troll Berserker on Jan 17, 2016.
             Was an Elder of Trog.
             Succumbed to Erica's bolt of poison
             ... on level 8 of the Dungeon.
             The game lasted 00:25:41 (5568 turns).

root the Grappler (Troll Berserker)                 Turns: 5568, Time: 00:25:42

Health: 0/100      AC:  6    Str: 32    XL:     10   Next: 3%
Magic:  9/9        EV: 10    Int:  3    God:    Trog [****..]
Gold:   409        SH:  9    Dex: 12    Spells: 0 memorised, 9 levels left

rFire  . . .     SeeInvis .       - Unarmed
rCold  + . .     Gourm    +     a - +0 animal skin
rNeg   . . .     Faith    .     B - +0 shield
rPois  .         Spirit   .     (helmet restricted)
rElec  .         Dismiss  .     t - +0 cloak
rCorr  +         Reflect  .     (gloves unavailable)
SustAt .         Harm     .     (boots unavailable)
MR     .....                    (no amulet)
Stlth  +.........               q - ring of resist corrosion
                                d - ring of protection from cold

@: mighty, lethally poisoned (0 -> -3), exhausted, slowed, very slow, not
resistant to hostile enchantments, very unstealthy
A: unfitting armour, claws 3, fast metabolism 3, gourmand, regeneration 2,
shaggy fur 1, tough skin 2
a: Berserk, Trog's Hand, Brothers in Arms, Burn Spellbooks, Renounce Religion


You were on level 8 of the Dungeon.
You worshipped Trog.
Trog was greatly pleased with you.
You were very full.

You visited 2 branches of the dungeon, and saw 10 of its levels.
You also visited: Sewer.

You collected 409 gold pieces.

Inventory:

Missiles
 s - 11 tomahawks (quivered)
 z - 3 throwing nets
 O - 6 javelins of penetration
Armour
 a - a +0 animal skin (worn)
 t - a +0 cloak (worn)
 B - a +0 shield (worn)
Jewellery
 d - a ring of protection from cold (left claw)
 q - a ring of resist corrosion (right claw)
 C - an uncursed ring of teleportation
Wands
 i - a wand of confusion (21/48)
 y - a wand of slowing (24/48)
 E - a wand of fireball (4/15)
Scrolls
 c - 11 scrolls of identify
 e - 2 scrolls of enchant armour {unknown}
 j - 2 scrolls of remove curse
 l - 3 scrolls of fear {unknown}
 m - 3 scrolls of blinking {unknown}
 n - 3 scrolls of fog {unknown}
 p - a scroll of magic mapping {unknown}
 x - 2 scrolls of random uselessness {unknown}
 A - a scroll of immolation {unknown}
 H - a scroll of recharging {unknown}
 I - a scroll of teleportation {unknown}
 J - a scroll of enchant weapon {unknown}
 L - a scroll of amnesia {unknown}
 M - a scroll of silence {unknown}
Potions
 g - a potion of might
 k - 6 potions of flight
 o - 3 potions of magic
 r - a potion of cancellation {unknown}
 u - 3 potions of heal wounds {unknown}
 v - a potion of lignification {unknown}
 w - 2 potions of curing {unknown}
 D - a potion of haste {unknown}
 F - 2 potions of ambrosia {unknown}
 G - 2 potions of mutation {unknown}
 N - a potion of berserk rage {unknown}
Books
 K - a book of Annihilations

   Spells                             Type                      Level
   a - Poison Arrow                   Conjuration/Poison           6
   b - Chain Lightning                Conjuration/Air              8
   c - Lehudib's Crystal Spear        Conjuration/Earth            8
   d - Glaciate                       Conjuration/Ice              9
   e - Fire Storm                     Conjuration/Fire             9
   Trog disapproves of the use of such an item.
Comestibles
 b - 7 bread rations
 f - a beef jerky
 h - 5 meat rations


   Skills:
 + Level 6.5 Fighting
 * Level 4.7 Throwing
 + Level 6.8 Dodging
 + Level 2.2 Shields
 + Level 8.5 Unarmed Combat


You had 9 spell levels left.
You didn't know any spells.

Dungeon Overview and Level Annotations

Branches:
Dungeon (9/15)             Temple (1/1) D:5
   Lair: D:8-11         Orc: D:9-12

Altars:
Ashenzari
Cheibriados
Dithmenos
Elyvilon
Fedhas
Gozag
Kikubaaqudgha
Makhleb
Nemelex Xobeh
Okawaru
Pakellas
Qazlal
Sif Muna
Trog
Vehumet
Xom
Yredelemnul
Zin
The Shining One

Annotations:
D:6 1 runed door


Innate Abilities, Weirdness & Mutations

You are too large for most types of armour.
You have claws for hands.
Your metabolism is lightning-fast.
You like to eat raw meat.
You heal very quickly.
You are covered in fur (AC +1).
You have very tough skin (AC +2).


Message History

Trog accepts your kill.
You are no longer berserk.
You are exhausted.
You feel yourself slow down.
You feel sick.
An orc comes into view. It is wielding a club.
Drink which item? (? for menu, Esc to quit)
You feel very mighty all of a sudden.
You feel sick.
The orc shouts!
The kobold hits you but does no damage.
The orc warrior hits you but does no damage.
The kobold hits you.
* * * LOW HITPOINT WARNING * * *
You barely miss the orc warrior.
You feel sick. The orc warrior hits you with a mace!
* * * LOW HITPOINT WARNING * * *
The kobold barely misses you.
You claw the orc warrior!
The orc warrior is moderately wounded.
You die...

#.##.##### #.
#.##..<..# #.
#.######.# #. #.#
#.# . #. #.# #.#
#.## #. #.# #.#
.....#. #.## #.#
#..o...##((#####.#
#...o@((........
......K.).........
..##.####...###..
# ....... .
.....## ........
....<.#.#
.#....##.#


You could see an orc warrior, an orc and a kobold.

Vanquished Creatures
  Erica (D:8)
  The ghost of PinkishYellow the Carver, a novice FoFi of Okawaru (D:7)
  A hippogriff (D:8)
  3 soldier ants (D:6)
  3 orc warriors
  2 black bears
  2 ogres
  A necrophage (D:6)
  3 phantoms
  A centaur (D:5)
  3 big kobolds
  3 scorpions
  A killer bee (D:6)
  3 crimson imps (D:5)
  A hound (D:4)
  A quasit (D:7)
  A centaur skeleton (D:4)
  3 orc priests
  5 orc wizards
  An iguana (D:5)
  8 worker ants
  A worker ant zombie (D:5)
  11 adders
  2 river rats (D:6)
  A shadow imp (D:5)
  5 oozes
  2 adder skeletons
  An adder zombie (D:5)
  5 worms
  4 giant geckos
  18 orcs
  5 bats
  3 bat skeletons (D:2)
  5 giant cockroaches
  2 goblins
  8 hobgoblins
  8 jackals
  A ball python (D:6)
  A ball python zombie (D:2)
  2 giant newts
  A jackal skeleton (D:2)
  17 kobolds
  2 quokka skeletons
  2 quokka zombies (D:2)
  6 rats
  2 butterflies (D:6)
163 creatures vanquished.

Notes
Turn   | Place    | Note
--------------------------------------------------------------
     0 | D:1      | root the Troll Berserker began the quest for the Orb.
     0 | D:1      | Reached XP level 1. HP: 22/22 MP: 0/0
   194 | D:2      | Reached XP level 2. HP: 29/29 MP: 1/1
   249 | D:3      | Found a shimmering altar of Xom.
   307 | D:3      | You fall through a shaft for 3 floors!
   320 | D:6      | Reached XP level 3. HP: 36/36 MP: 2/2
   340 | D:6      | Noticed an orc warrior
   344 | D:6      | Reached XP level 4. HP: 38/45 MP: 3/3
   351 | D:6      | Killed an orc warrior
   351 | D:6      | Reached skill level 4 in Unarmed Combat
   351 | D:6      | Reached XP level 5. HP: 53/53 MP: 4/4
   448 | D:6      | Reached ** piety under Trog
   497 | D:6      | Found a glowing drain.
   511 | Sewer    | Entered a sewer
   563 | Sewer    | Reached XP level 6. HP: 60/62 MP: 5/5
   837 | Sewer    | Reached skill level 5 in Unarmed Combat
   924 | D:6      | Reached XP level 7. HP: 65/70 MP: 6/6
   966 | D:6      | Found a runed door.
   976 | D:6      | You fall through a shaft for 3 floors!
  1125 | D:9      | Reached skill level 6 in Unarmed Combat
  1216 | D:7      | Reached *** piety under Trog
  1249 | D:5      | Entered Level 5 of the Dungeon
  1610 | D:5      | Reached skill level 5 in Fighting
  1621 | D:5      | Reached skill level 1 in Throwing
  1621 | D:5      | Reached skill level 5 in Dodging
  1621 | D:5      | Reached XP level 8. HP: 74/80 MP: 7/7
  1779 | D:5      | Found a staircase to the Ecumenical Temple.
  2179 | D:4      | Found a white marble altar of Elyvilon.
  2208 | D:4      | Found a stormy altar of Qazlal.
  2217 | D:4      | Found a burning altar of Makhleb.
  2219 | D:4      | Found a bloodstained altar of Trog.
  2219 | D:4      | Found a glowing silver altar of Zin.
  2219 | D:4      | Found a shadowy altar of Dithmenos.
  2256 | D:4      | Found a shattered altar of Ashenzari.
  2678 | D:3      | Found a blossoming altar of Fedhas.
  2685 | D:3      | Found an ancient bone altar of Kikubaaqudgha.
  2688 | D:3      | Found a radiant altar of Vehumet.
  2850 | D:3      | Found a faded altar to an unknown god.
  3519 | D:1      | Reached **** piety under Trog
  4254 | Temple   | Entered the Ecumenical Temple
  4608 | D:6      | Got a crude quarterstaff
  4682 | D:6      | Found a runed door.
  4705 | D:6      | Reached skill level 7 in Unarmed Combat
  4714 | D:6      | Reached skill level 1 in Shields
  4714 | D:6      | Reached XP level 9. HP: 72/89 MP: 8/8
  4835 | D:7      | Noticed PinkishYellow's ghost (novice FoFi)
  4848 | D:7      | Killed PinkishYellow's ghost
  4976 | D:7      | Found a snail-covered altar of Cheibriados.
  5161 | D:7      | Received a gift from Trog
  5476 | D:7      | Reached skill level 8 in Unarmed Combat
  5539 | D:8      | Noticed Erica
  5549 | D:8      | Killed Erica
  5551 | D:8      | Reached XP level 10. HP: 41/100 MP: 9/9
  5567 | D:8      | HP: 1/100 [orc warrior/mace (10)]
  5568 | D:8      | Succumbed to Erica's bolt of poison

Vault maps used:
D:1:      dpeg_arrival_houses_and_road
D:2:      serial_undead, serial_undead_b, serial_undead_a, serial_undead_d,
          serial_undead_e, serial_undead_f, serial_bayou_lagoon_b
D:3:      xom_teletrap_fun, grunt_temple_overflow_diamond, ecumenical_altar_2,
          first_bread
D:4:      grunt_temple_overflow_open, marbit_many_paths, grunt_qazlal_clouds,
          kennysheep_little_box
D:5:      minmay_temple_entry_grid
D:6:      lemuel_insect_pit, portal_sewer_entry_b
D:7:      old_standard_altar
D:8:      grunt_ogre_cave, uniq_maurice, uniq_erica
D:9:      kennysheep_mini, david_lair_shrubbed
Temple:   nicolae_temple_great_sept
Sewer:    sewer_co_15_rooms

Action                   |  1- 3 |  4- 6 |  7- 9 | 10-12 || total
-------------------------+-------+-------+-------+-------++-------
Melee: Unarmed           |    48 |    94 |   322 |    13 ||   477
Invok: Berserk           |       |     2 |     4 |       ||     6
       Trog's Hand       |       |       |     1 |       ||     1
  Use: Potion            |       |     2 |       |     1 ||     3
       Scroll            |       |       |     2 |       ||     2
 Stab: Sleeping          |     1 |       |       |       ||     1
  Eat: Chunk             |     5 |    11 |    46 |       ||    62
